 Dungeon Crawl Stone Soup version 0.30.1-3-gfc49f6343a (webtiles) character file.

Game seed: 4715149796530443133

959 Wiggles the Cleaver (level 7, -6/64 HPs)
             Began as a Minotaur Berserker on July 20, 2023.
             Was a Priest of Trog.
             Mangled by an iguana (11 damage)
             ... on level 5 of the Dungeon.
             The game lasted 00:05:21 (3231 turns).

Wiggles the Cleaver (Minotaur Berserker)            Turns: 3231, Time: 00:05:23

Health: -6/64      AC:  9    Str: 23    XL:     7   Next: 92%
Magic:  6/6        EV:  9    Int:  4    God:    Trog [***...]
Gold:   251        SH:  0    Dex: 10    Spells: 6/6 levels left

rFire   . . .        a - +0 hand axe
rCold   + . .        (no shield)
rNeg    . . .        i - +0 chain mail
rPois   .            (helmet restricted)
rElec   .            (no cloak)
rCorr   .            (no gloves)
SInv    .            (no boots)
Will    ++...        (no amulet) Stlth
                     d - ring of protection from cold
HPRegen 1.30/turn    (no ring)
MPRegen 0.10/turn

%: no passive effects
@: mighty, strong-willed, on berserk cooldown, regenerating, slowed, very slow
A: horns 2, retaliatory headbutt
a: Renounce Religion, Berserk, Trog's Hand


You were on level 5 of the Dungeon.
You worshipped Trog.
Trog was most pleased with you.
You visited 1 branch of the dungeon, and saw 5 of its levels.

You collected 251 gold pieces.

Inventory:

Hand Weapons
 a - a +0 hand axe (weapon)
Armour
 i - a +0 chain mail (worn)
Jewellery
 d - a ring of protection from cold (left hand)
Wands
 o - a wand of flame (5)
Scrolls
 c - 4 scrolls of identify {unknown}
 e - a scroll of noise {unknown}
 g - a scroll of fear {unknown}
 j - a scroll of acquirement {unknown}
 k - a scroll of torment {unknown}
 n - a scroll of blinking {unknown}
 q - a scroll of teleportation {unknown}
Potions
 b - a potion of flight {unknown}
 f - a potion of curing {unknown}
 h - 2 potions of mutation {unknown}
 l - a potion of magic {unknown}
 m - 2 potions of might
 p - a potion of heal wounds {unknown}


   Skills:
 + Level 6.7 Fighting
 + Level 8.2 Axes
 + Level 5.0 Armour
 + Level 3.7 Dodging
 + Level 0.3 Stealth


You had 6 spell levels left.
You didn't know any spells.
Your spell library was empty.

Dungeon Overview and Level Annotations

Branches:
Dungeon (5/15)
 Temple: D:4-7

Altars:
Fedhas
Hepliaklqana
Trog
Yredelemnul


Innate Abilities, Weirdness & Mutations

You have a pair of horns on your head.
You reflexively headbutt those who attack you in melee.


Message History

You closely miss the scorpion.
You feel very sick. The scorpion barely misses you. The scorpion stings you.
You hit the scorpion.
The scorpion is lightly wounded.
You feel sick.
The scorpion stings you but does no damage.
You slash the scorpion!
The scorpion is heavily wounded.
You feel sick. The scorpion barely misses you. x2
You hit the scorpion.
The scorpion is severely wounded.
You feel sick. The scorpion barely misses you. You furiously retaliate!
You headbutt the scorpion. The scorpion barely misses you.
You closely miss the scorpion.
The scorpion is severely wounded.
You feel sick.
You are no longer poisoned.
The scorpion stings you but does no damage. x2
You slash the scorpion!
You kill the scorpion!
Trog accepts your kill.
Your Armour skill increases to level 5!
You barely miss the iguana. The iguana barely misses you. The iguana bites you!
* * * LOW HITPOINT WARNING * * *
You hit the iguana.
The iguana is moderately wounded.
The iguana bites you.
* * * LOW HITPOINT WARNING * * *
You hit the iguana.
The iguana is moderately wounded.
The iguana barely misses you.
Your skin crawls.
You feel strong-willed. The iguana barely misses you. The iguana bites you.
* * * LOW HITPOINT WARNING * * *
It was a potion of might.
You feel very mighty all of a sudden. The iguana bites you!
You die...

#.# #.# #.# #.# #.#
#.# #.# #@# #
..####l####.#
......wo.....#
.##...!..)##########
#.###.###).......<#
#.#.....#.#.#######
#.#.###.#.#.#
#.#..:..#...#
#.#.###.#...#


You could see a worm, an iguana and an orc.

Vanquished Creatures
  Sigmund (D:2)
  A black bear (D:5)
  An ogre (D:5)
  A kobold brigand (D:4)
  A scorpion (D:5)
  3 hounds
  A sleepcap (D:4)
  Ijyb (D:3)
  Jessica (D:2)
  Natasha (thrice) (D:3)
  2 orc wizards (D:5)
  7 gnolls
  5 adders
  3 worms
  A dart slug (D:3)
  2 orcs (D:5)
  3 bats
  8 endoplasms
  2 giant cockroaches
  2 goblins
  11 hobgoblins
  A quokka (D:3)
  5 ball pythons
  7 frilled lizards
  7 kobolds
  5 rats
85 creatures vanquished.

Notes
Turn   | Place    | Note
-------+----------+-------------------------------------------
     0 | D:1      | Wiggles the Minotaur Berserker began the quest for the Orb.
     0 | D:1      | Reached XP level 1. HP: 19/19 MP: 0/0
   248 | D:1      | Reached skill level 4 in Axes
   248 | D:1      | Reached XP level 2. HP: 27/27 MP: 1/1
   706 | D:2      | Noticed Sigmund
   711 | D:2      | Killed Sigmund
   712 | D:2      | Reached skill level 5 in Fighting
   712 | D:2      | Reached skill level 5 in Axes
   712 | D:2      | Reached XP level 3. HP: 36/36 MP: 2/2
   712 | D:2      | Reached XP level 4. HP: 42/42 MP: 3/3
   712 | D:2      | Reached XP level 5. HP: 48/48 MP: 4/4
   831 | D:2      | Noticed Jessica
   833 | D:2      | Killed Jessica
   837 | D:2      | Reached ** piety under Trog
  1241 | D:2      | Reached XP level 6. HP: 55/57 MP: 5/5
  1449 | D:2      | Found a faded altar of an unknown god.
  1770 | D:3      | Noticed Natasha
  1777 | D:3      | Killed Natasha
  1778 | D:3      | Reached skill level 6 in Axes
  1999 | D:3      | Noticed Natasha
  2005 | D:3      | Killed Natasha
  2034 | D:3      | Noticed Ijyb
  2053 | D:3      | Killed Ijyb
  2116 | D:3      | Found a basalt altar of Yredelemnul.
  2116 | D:3      | Found a hazy altar of Hepliaklqana.
  2125 | D:3      | Found a blossoming altar of Fedhas.
  2127 | D:3      | Found a faded altar of an unknown god.
  2129 | D:3      | Found a bloodstained altar of Trog.
  2302 | D:3      | Noticed Natasha
  2309 | D:3      | Killed Natasha
  2362 | D:4      | Reached *** piety under Trog
  2595 | D:4      | Reached XP level 7. HP: 63/63 MP: 6/6
  2697 | D:4      | Reached skill level 7 in Axes
  3179 | D:5      | Entered Level 5 of the Dungeon
  3220 | D:5      | Reached skill level 8 in Axes
  3227 | D:5      | Reached skill level 5 in Armour
  3228 | D:5      | HP: 2/64 [iguana (4)]
  3231 | D:5      | Mangled by an iguana

Illustrated notes

Levels and vault maps discovered:
D:1:      dpeg_arrival_arbitrary_c, layout_loops_ring, serial_bayou_pond_d,
          amcnicky_mini_pool_small, minmay_fountain_box
D:2:      layout_loops_ring, shapermc_ecumenical_altar_mp_vishouse,
          uniq_sigmund, uniq_jessica
D:3:      layout_loops_cross, chequers_temple_overflow_minitemple, uniq_ijyb,
          uniq_natasha
D:4:      minmay_angry_zag, layout_loops_ring
D:5:      layout_basic, minmay_checkerbox

Skill      XL: |  1  2  3  4  5  6  7 |
---------------+----------------------+-----
Axes           | 4 5 6 8 |  8.2
Fighting       | 5 6 |  6.7
Dodging        | 3 |  3.7
Armour         | 3 5 |  5.0
Stealth        | |  0.3

Action                     |  1- 3 |  4- 6 |  7- 9 || total
---------------------------+-------+-------+-------++-------
  Melee: Hand axe          |    32 |   106 |    59 ||   197
         Headbutt          |     3 |    22 |    16 ||    41
         Punch             |     2 |     2 |       ||     4
 Invoke: Berserk           |     1 |       |     1 ||     2
         Trog's Hand       |       |       |     1 ||     1
    Use: Potion            |       |       |     1 ||     1
 Armour: Animal skin       |     6 |       |       ||     6
         Chain mail        |       |    48 |    30 ||    78
  Dodge: Dodged            |    18 |    60 |    31 ||   109
